 Dungeon Crawl Stone Soup version 0.31.0-11-ge490571c62 (webtiles) character file.

Game seed: 6862239665682331200

36 qw the Shooter (level 3, 0/18 HPs)
             Began as a Spriggan Hunter on Feb 3, 2024.
             Slain by an adder (4 damage)
             ... on level 1 of the Dungeon.
             The game lasted 00:00:01 (514 turns).

qw the Shooter (Spriggan Hunter)                     Turns: 514, Time: 00:00:02

Health: 0/18       AC:  2    Str: 13    XL:     3   Next: 19%
Magic:  4/4        EV: 19    Int: 10    God:
Gold:   14         SH:  0    Dex: 20    Spells: 2/2 levels left

rFire   . . .        a - +0 shortbow
rCold   . . .        (shield currently unavailable)
rNeg    . . .        g - +0 robe {Will+}
rPois   .            (helmet restricted)
rElec   .            (no cloak)
rCorr   .            (gloves unavailable)
SInv    +            (boots unavailable)
Will    +....        (no amulet)
Stlth   ++           j - +6 ring of strength
HPRegen 0.23/turn    (no ring)
MPRegen 0.09/turn

%: no passive effects
@: lethally poisoned (0 -> -2), very quick
A: very small, no large weapons, unfitting armour, see invisible, speed 3
a: no special abilities


You were on level 1 of the Dungeon.
You visited 1 branch of the dungeon, and saw 2 of its levels.

You collected 14 gold pieces.


Innate Abilities, Weirdness & Mutations

You are very small and have problems with some larger weapons.
You are too small for most types of armour.
You have supernaturally acute eyesight. (SInv)
You cover ground extremely quickly. (Speed+++)


   Skills:
 - Level 1.5 Fighting
 + Level 4.5 Ranged Weapons
 - Level 4.0 Dodging
 - Level 1.5 Stealth


You had 2 spell levels left.
You didn't know any spells.
Your spell library was empty.

Inventory:

Hand Weapons
 a - a +0 shortbow (weapon)
Armour
 g - a +0 robe of willpower (worn)
Jewellery
 j - a +6 ring of strength (left hand)
Potions
 d - a potion of resistance
 f - a potion of curing
 k - a potion of enlightenment

Dungeon Overview and Level Annotations

Branches:
Dungeon (2/15)

Altars:

Shops:
D:2 (

Annotations:
D:2 1 transporter


Message History

You start waiting.
Your surroundings seem slightly different.
494 ||| DRINKING 2 yellow potions.
It was a potion of curing.
You feel better.
495 ||| DROPPING scroll of butterflies.
You drop a scroll of butterflies.
What level of the Dungeon? (default 1, ? - help)
Found 8 gold pieces.
A ribbon worm and an adder come into view.
The adder moves out of view.
You shoot an arrow. The arrow hits the ribbon worm!
The ribbon worm is moderately wounded.
You shoot an arrow. The adder hisses angrily.
The arrow hits the ribbon worm!
The ribbon worm is severely wounded.
You shoot an arrow. The arrow hits the ribbon worm!
You kill the ribbon worm!
A hobgoblin comes into view.
506 ||| FLEEEEING.
The hobgoblin shouts!
507 ||| FLEEEEING.
A bat comes into view.
There is a stone staircase leading up here.
508 ||| STAIRDANCE The adder misses you.
You climb upwards.
There is a stone staircase leading down here.
You shoot an arrow. The arrow barely misses the adder.
The adder misses you. x2
You shoot an arrow. The arrow closely misses the adder.
The adder bites you.
You are poisoned.
The adder poisons you!
You shoot an arrow. The arrow barely misses the adder.
You feel sick. The adder misses you. The adder bites you.
You shoot an arrow. The arrow hits the adder.
The adder is moderately wounded.
You feel sick. The adder bites you.
You shoot an arrow. The arrow closely misses the adder.
You feel sick. The adder bites you. x2
You die...

.. .....##.# ####
....#.###.#..##.#
#...##....#..##.#
#).#......#.##.# #
#...###.###.#.#
#.###......## ##..#
#.......###.###.###
#.....S......#.##
#......@#.###[##
#.......#.#####
#.......#.....#
#........####.#
#...>.))(###
####>###...# #.
#.#.# .. ...#.##.#
####### ###.#.##.#
#.....#


You could see an adder.

Vanquished Creatures
  A gnoll (D:1)
  A ribbon worm (D:2)
  6 bats
  An endoplasm (D:2)
  3 goblins
  3 ball pythons (D:1)
  A frilled lizard (D:1)
  6 kobolds
  A rat (D:1)
23 creatures vanquished.

Notes
Turn   | Place    | Note
-------+----------+-------------------------------------------
     0 | D:1      | qw the Spriggan Hunter began the quest for the Orb.
     0 | D:1      | Reached XP level 1. HP: 10/10 MP: 2/2
     0 | D:1      | 0 ||| qw: Version: 0.3-a-157-g843a77d
     0 | D:1      | 0 ||| qw: Game counter: 3856
     0 | D:1      | 0 ||| qw: Melee chars always use a shield: true
     0 | D:1      | 0 ||| qw: God list: Okawaru
     0 | D:1      | 0 ||| qw: Allow faded altars: false
     0 | D:1      | 0 ||| qw: Do Orc after clearing Dungeon:15 true
     0 | D:1      | 0 ||| qw: Do second Lair branch before Depths: true
     0 | D:1      | 0 ||| qw: Lair rune preference: random
     0 | D:1      | 0 ||| qw: Goals: Normal
     0 | D:1      | 0 ||| PLANNING D:1-11
    88 | D:1      | Reached skill level 3 in Dodging
   190 | D:1      | Reached XP level 2. HP: 14/14 MP: 3/3
   344 | D:1      | Reached XP level 3. HP: 18/18 MP: 4/4
   433 | D:1      | You fall into a shaft and drop 1 floor!
   448 | D:2      | Found a transporter.
   448 | D:2      | Found Xaoh's Weapon Shoppe.
   467 | D:2      | 467 ||| UPGRADING to +0 robe of willpower.
   472 | D:2      | 472 ||| FLEEEEING.
   475 | D:2      | 475 ||| UPGRADING to +0 robe of willpower.
   485 | D:2      | 485 ||| DROPPING +0 robe.
   486 | D:2      | 486 ||| UPGRADING to +6 ring of strength.
   487 | D:2      | 487 ||| READING 2 scrolls labelled HUFFESIEDA.
   487 | D:2      | 487 ||| IDENTIFYING grey potion
   488 | D:2      | 488 ||| READING scroll of identify.
   488 | D:2      | 488 ||| IDENTIFYING viscous blue potion
   489 | D:2      | 489 ||| READING scroll labelled TIMYMU ANAD.
   490 | D:2      | 490 ||| READING scroll labelled KITZI TA HAWN.
   491 | D:2      | 491 ||| READING scroll labelled PYAHUGUATOG.
   494 | D:2      | 494 ||| DRINKING 2 yellow potions.
   495 | D:2      | 495 ||| DROPPING scroll of butterflies.
   506 | D:2      | 506 ||| FLEEEEING.
   507 | D:2      | 507 ||| FLEEEEING.
   508 | D:2      | 508 ||| STAIRDANCE
   514 | D:1      | HP: 4/18 [adder (2)]
   514 | D:1      | Slain by an adder

Levels and vault maps discovered:
D:1:      giann_forest_graveyard, layout_loops_ring, minmay_pentomino_z4
D:2:      layout_loops_cross, serial_shops, shop, nicolae_diamond_shop, shop,
          nicolae_shop_drivethru

Skill      XL: |  1  2 |
---------------+-------+-----
Dodging        | 3 4 |  4.0
Fighting       | |  1.5
Ranged Weapons | |  4.5
Stealth        | |  1.5

Action                     || total
---------------------------++-------
   Fire: Shortbow          ||    73
    Use: Scroll            ||     5
         Potion            ||     1
 Armour: Robe              ||    13
  Dodge: Dodged            ||    35

Table legend:
 A = Non-vault XP
 B = Vault XP
 C = Vault XP percentage of total XP
 D = Non-vault monster count
 E = Vault monster count
 F = Vault count percentage of total count
                 A         B        C        D         E       F
            +---------+---------+-------+---------+---------+-------
      Total |      51 |       1 |   1.9 |      22 |       1 |   4.3
            +---------+---------+-------+---------+---------+-------
        D:1 |      40 |       1 |   2.4 |      17 |       1 |   5.6
        D:2 |      11 |       0 |   0.0 |       5 |       0 |   0.0
            +---------+---------+-------+---------+---------+-------
